 Dungeon Crawl Stone Soup version 0.28.0-43-g3370ac3207 (webtiles) character file.

Game seed: 1313421117792494045

48 croobank the Skirmisher (level 3, 0/29 HPs)
             Began as a Demonspawn Abyssal Knight on Mar 4, 2022.
             Was a Follower of Lugonu.
             Slain by a sky beast (3 damage)
             ... on level 3 of the Dungeon.
             The game lasted 00:05:06 (2206 turns).

croobank the Skirmisher (Demonspawn Abyssal Knight) Turns: 2206, Time: 00:05:07

Health: 0/29       AC:  3    Str: 15    XL:     3   Next: 50%
Magic:  5/5        EV: 11    Int: 11    God:    Lugonu [*.....]
Gold:   62         SH:  0    Dex: 13    Spells: 2/2 levels left

rFire   . . .      SeeInvis .   f - +1 whip (venom)
rCold   . . .      Faith    .   (no shield)
rNeg    . . .      Spirit   .   b - +0 leather armour
rPois   .          Reflect  .   (no helmet)
rElec   .          Harm     .   (no cloak)
rCorr   .          Rampage  .   (no gloves)
Will    .....                   (no boots)
Stlth   +.........              (no amulet)
HPRegen 0.09/turn               (no ring)
MPRegen 0.09/turn               (no ring)

@: flying
A: ignite blood 1
a: Renounce Religion, Depart the Abyss


You were on level 3 of the Dungeon.
You worshipped Lugonu.
Lugonu was aware of your devotion.
You visited 1 branch of the dungeon, and saw 3 of its levels.
You visited the Abyss 1 time.

You collected 62 gold pieces.

Inventory:

Hand Weapons
 a - a +1 hand axe
 f - a +1 whip of venom (weapon)
Missiles
 d - 49 stones
 g - 24 sling bullets
 j - 19 arrows
Armour
 b - a +0 leather armour (worn)
 h - a +0 plate armour
Scrolls
 e - a scroll of magic mapping
Potions
 i - a potion of curing {unknown}
 k - a potion of lignification {unknown}
 l - a potion of attraction {unknown}


   Skills:
 + Level 3.3 Fighting
 + Level 2.2 Axes
 + Level 2.2 Armour
 + Level 1.5 Dodging
 + Level 3.1 Invocations


You had 2 spell levels left.
You didn't know any spells.
Your spell library was empty.

Dungeon Overview and Level Annotations

Branches:
Dungeon (3/15)

Altars:
Dithmenos


Innate Abilities, Weirdness & Mutations

Your demonic aura sometimes causes spilled blood to erupt in flames.


Message History

There is an open door here.
You open the door.
A kobold comes into view. It is wielding a +0 short sword.
The kobold shouts!
Found an inky potion.
The kobold closely misses you.
There is an open door here.
You hit the kobold.
You kill the kobold!
Lugonu accepts your kill.
Things that are here:
a +0 short sword; a kobold corpse
k - an inky potion You open the door.
Found a grey potion.
There is an open door here.
Found a shadowy altar of Dithmenos.
l - a grey potion
Found a stone staircase leading down.
An endoplasm comes into view.
The endoplasm quivers.
You hit the endoplasm.
You kill the endoplasm!
Lugonu accepts your kill.
Done exploring.
There is an escape hatch in the floor here.
You slide downwards.
The hatch slams shut behind you.
Found a leather armour.
Found a stone staircase leading down.
The hobgoblin shouts!
The sky beast flickers out of sight!
Deactivating autopickup; reactivate with Ctrl-A.
Something hits you. Something shocks you.
You miss something. Something hits you. Something shocks you.
You miss something. Something hits you. Something shocks you.
* * * LOW HITPOINT WARNING * * *
Okay, then.
It was a potion of flight.
You feel very buoyant.
You fly up into the air.
Something hits you.
You die...

#########
#.......#
#.8.8.8.#
#.......###
#>........#
#.g.....#.#
#.8[8.8Y#g#
#.......#{#
#########@#
#.# #..#
#.## #. ..
###


You could see a hobgoblin.

Vanquished Creatures
  An adder (D:2)
  2 dart slugs
  5 endoplasms
  A giant cockroach (D:1)
  4 goblins
  3 hobgoblins (D:1)
  2 quokkas (D:1)
  5 bats
  3 kobolds
  7 rats
33 creatures vanquished.

Notes
Turn   | Place    | Note
-------+----------+-------------------------------------------
     0 | Abyss:1  | croobank the Demonspawn Abyssal Knight began the quest for
                  | the Orb.
     0 | Abyss:1  | Reached XP level 1. HP: 18/18 MP: 2/2
    21 | Abyss:2  | Noticed a small abomination
    21 | D:1      | Escaped the Abyss
    53 | D:1      | Found a faded altar of an unknown god.
    65 | D:1      | Reached skill level 1 in Dodging
    79 | D:1      | Gained mutation: Your demonic aura sometimes causes spilled
                  | blood to erupt in flames. [demonic ancestry]
    79 | D:1      | Reached XP level 2. HP: 6/24 MP: 4/4
   428 | D:1      | Reached * piety under Lugonu
  1082 | D:2      | Reached XP level 3. HP: 24/29 MP: 5/5
  2076 | D:2      | Found a shadowy altar of Dithmenos.
  2196 | D:3      | Noticed a sky beast
  2206 | D:3      | Slain by a sky beast

Illustrated notes

Levels and vault maps discovered:
D:1:      wander_arrival_abandoned_jail, layout_rooms,
          ebering_ecumenical_altar_rust
D:2:      layout_loops_corners, basic_altar, minmay_fountain_box
D:3:      layout_basic, grunt_ministairs_3, minmay_misc_feat_alley, uniq_terence

Skill      XL: |  1  2 |
---------------+-------+-----
Dodging        | 1 |  1.5
Axes           | 2 |  2.2
Armour         | 2 |  2.2
Invocations    | 3 |  3.1
Fighting       | |  3.3

Action                   || total
-------------------------++-------
Melee: Hand axe          ||    28
       Whip              ||    56
       Punch             ||     2
Invok: Depart the Abyss  ||     1
  Use: Scroll            ||     4
       Potion            ||     1
Armor: Leather armour    ||    20
Dodge: Dodged            ||    45
